 Dungeon Crawl Stone Soup version 0.23.2-1-ga50397a (webtiles) character file.

Game seed: 13818754266794140782

1810 FatLuigi the Slicer (level 8, -7/62 HPs)
             Began as a Minotaur Assassin on Apr 14, 2019.
             Was a Follower of Makhleb.
             Mangled by a hog (11 damage)
             ... on level 7 of the Dungeon.
             The game lasted 00:53:51 (7879 turns).

FatLuigi the Slicer (Minotaur Assassin)             Turns: 7879, Time: 00:53:52

Health: -7/62      AC:  7    Str: 17    XL:     8   Next: 84%
Magic:  7/7        EV: 11    Int:  8    God:    Makhleb [*.....]
Gold:   510        SH:  0    Dex: 13    Spells: 7/7 levels left

rFire    . . .     SeeInvis .   n - +2 dagger (holy)
rCold    + . .     Gourm    .   (no shield)
rNeg     . . .     Faith    .   q - +1 leather armour
rPois    .         Spirit   .   (helmet restricted)
rElec    .         Reflect  .   d - +2 cloak
rCorr    .         Harm     .   (no gloves)
MR       .....                  (no boots)
Stlth    +++.......             (no amulet)
HPRegen  0.20/turn              m - ring of protection from cold
MPRegen  0.10/turn              (no ring)

@: no status effects
A: retaliatory headbutt, horns 2
a: Renounce Religion


You were on level 7 of the Dungeon.
You worshipped Makhleb.
Makhleb was aware of your devotion.
You were hungry.

You visited 1 branch of the dungeon, and saw 7 of its levels.

You collected 510 gold pieces.

Inventory:

Hand Weapons
 b - a +0 blowgun
 i - a +1 short sword of holy wrath
 n - a +2 dagger of holy wrath (weapon)
 u - a +1 shortbow of flaming
Missiles
 e - 37 poisoned needles
 f - a curare-tipped needle
 v - 30 arrows
Armour
 d - a +2 cloak (worn)
 q - a +1 leather armour (worn)
Jewellery
 m - a ring of protection from cold (left hand)
Wands
 h - a wand of iceblast (5)
 o - a wand of flame (10)
 w - a wand of paralysis (11)
Scrolls
 k - a scroll of fog
 l - 5 scrolls of remove curse
 p - a scroll of identify
Potions
 a - a potion of cancellation {unknown}
 c - a potion of agility {unknown}
 j - a potion of magic {unknown}
 s - a potion of resistance {unknown}
Comestibles
 g - 5 rations


   Skills:
 - Level 2.4 Fighting
 + Level 9.9 Short Blades
 - Level 0.8 Bows
 - Level 2.0 Throwing
 - Level 1.1 Dodging
 - Level 7.4 Stealth
 - Level 0.4 Evocations


You had 7 spell levels left.
You didn't know any spells.
Your spell library was empty.

Dungeon Overview and Level Annotations

Branches:
Dungeon (7/15)             Temple (0/1) D:4

Altars:
Ashenzari
Gozag
Hepliaklqana
Kikubaaqudgha
Makhleb
Uskayaw
Wu Jian
Xom
Zin
The Shining One

Annotations:
D:5 Grinder


Innate Abilities, Weirdness & Mutations

You reflexively headbutt those who attack you in melee.
You have a pair of horns on your head.


Message History

* * * LOW HITPOINT WARNING * * *
The hog barely misses you. The hog barely misses you. You furiously retaliate!
You headbutt the hog. The hog closely misses you. The hog bites you.
* * * LOW HITPOINT WARNING * * *
The hog barely misses you. You furiously retaliate!
You headbutt the hog.
Items here: ( )) [ a cursed -2 quarterstaff; a +0 hunting sling; 23 sling bullets a +0 leather armour The hog barely misses you.
You feel better. The hog bites you.
* * * LOW HITPOINT WARNING * * *
The hog bites you.
* * * LOW HITPOINT WARNING * * *
The hog bites you!
* * * LOW HITPOINT WARNING * * *
The hog bites you!
You die...

.##..#....###รท..##.###>..........
.##..........#.###.# ###...###.##
.##...###.##.#.# #.# ##.## #.##
###.......##.#.###.######.# #.##
..).#.###.#.#.............# #.##
#####.# #..###.....#.#.#### #.##
#.# #......#####.#.#### #.#
#.###..###.##....#....# ###
#####......# #.h@.#######.#
.......##..###h##....#.).[#
.####..##...h..#####.#)####
.#.).........### #.#.#
.#.###.##.##.# #...#
.#.###.##h##.# ###.######
.........h...# ##.#......#
######)##.#### ##...####### #.##.#
#..........#


You could see 3 hogs.

Vanquished Creatures
  Joseph (D:7)
  Prince Ribbit (D:6)
  A human (D:7)
  A centaur (D:7)
  A scorpion (D:6)
  2 howler monkeys
  4 crimson imps
  A bullfrog zombie (D:6)
  A hound (D:4)
  6 orc wizards
  Crazy Yiuf (D:4)
  4 orc priests
  A jelly (D:7)
  A bullfrog skeleton (D:7)
  5 worker ants
  7 gnolls
  6 adders
  A shadow imp (D:6)
  2 adder zombies (D:7)
  An adder skeleton (D:5)
  4 worms
  4 dart slugs
  4 leopard geckos
  8 orcs
  A ball python (D:2)
  4 bats
  6 giant cockroaches
  7 goblins
  10 hobgoblins
  12 jackals
  2 quokkas
  4 frilled lizards
  7 kobolds
  3 quokka skeletons
  13 rats
  A plant (D:1)
138 creatures vanquished.

Notes
Turn   | Place    | Note
-------+----------+-------------------------------------------
     0 | D:1      | FatLuigi the Minotaur Assassin began the quest for the Orb.
     0 | D:1      | Reached XP level 1. HP: 18/18 MP: 0/0
   138 | D:1      | Reached XP level 2. HP: 16/25 MP: 1/1
   566 | D:1      | Reached XP level 3. HP: 30/30 MP: 2/2
  1091 | D:2      | Found a shimmering altar of Xom.
  1305 | D:2      | Found a glowing silver altar of Zin.
  1365 | D:2      | Reached XP level 4. HP: 37/37 MP: 3/3
  1561 | D:2      | Found a burning altar of Makhleb.
  1636 | D:3      | Reached skill level 5 in Stealth
  1831 | D:3      | Reached XP level 5. HP: 42/42 MP: 4/4
  2182 | D:2      | Became a worshipper of Makhleb the Destroyer
  2264 | D:4      | Found a hazy altar of Hepliaklqana.
  2599 | D:4      | Found a staircase to the Ecumenical Temple.
  2751 | D:4      | Found a runed translucent door.
  2752 | D:4      | Noticed Crazy Yiuf
  2764 | D:4      | HP: 2/63 [Crazy Yiuf/+2 quarterstaff of chaos (6)]
  2767 | D:4      | Killed Crazy Yiuf
  2767 | D:4      | Reached XP level 6. HP: 3/50 MP: 5/5
  3205 | D:5      | Entered Level 5 of the Dungeon
  3467 | D:5      | Found an ancient bone altar of Kikubaaqudgha.
  4146 | D:5      | Noticed Grinder
  4615 | D:6      | Noticed a water moccasin
  4638 | D:5      | HP: 2/50 [worker ant (1)]
  5019 | D:6      | Reached skill level 3 in Short Blades
  5019 | D:6      | Reached XP level 7. HP: 40/56 MP: 6/6
  5348 | D:7      | Noticed Joseph
  5356 | D:7      | Paralysed by Joseph for 4 turns
  5386 | D:6      | Noticed Prince Ribbit
  5391 | D:6      | Killed Prince Ribbit
  5391 | D:6      | Reached skill level 5 in Short Blades
  5631 | D:6      | Found an ornate altar of the Wu Jian Council.
  5631 | D:6      | Found a hide-covered altar of Uskayaw.
  5742 | D:6      | Reached skill level 6 in Short Blades
  6080 | D:6      | Found an opulent altar of Gozag.
  6080 | D:6      | Found a shattered altar of Ashenzari.
  6113 | D:6      | Reached XP level 8. HP: 62/62 MP: 7/7
  6119 | D:6      | Reached * piety under Makhleb
  6139 | D:6      | Reached skill level 7 in Short Blades
  6509 | D:7      | Noticed a hippogriff
  7186 | D:7      | Reached skill level 8 in Short Blades
  7287 | D:7      | Paralysed by Joseph for 4 turns
  7298 | D:7      | Paralysed by Joseph for 7 turns
  7318 | D:7      | Killed Joseph
  7318 | D:7      | Reached skill level 9 in Short Blades
  7715 | D:7      | Found a glowing golden altar of the Shining One.
  7872 | D:7      | HP: 2/62 [hog (9)]
  7879 | D:7      | Mangled by a hog

Skill      XL: |  1  2  3  4  5  6  7  8 |
---------------+-------------------------+-----
Stealth        | 4 5 6 7 |  7.4
Short Blades   | 3 6 9 |  9.9
Fighting       | |  2.4
Bows           | |  0.8
Throwing       | |  2.0
Dodging        | |  1.1
Evocations     | |  0.4

Action                   |  1- 3 |  4- 6 |  7- 9 || total
-------------------------+-------+-------+-------++-------
Melee: Dagger            |   130 |   178 |   180 ||   488
       Headbutt          |    26 |    35 |    35 ||    96
       Short sword       |    18 |    33 |    24 ||    75
 Fire: Blowgun           |       |     5 |       ||     5
       Shortbow          |       |       |     3 ||     3
Evoke: Wand              |       |       |     1 ||     1
  Use: Scroll            |     6 |    12 |     1 ||    19
       Potion            |       |     5 |     3 ||     8
 Stab: Sleeping          |    10 |     8 |     4 ||    22
       Distracted        |       |       |     2 ||     2
  Eat: Chunk             |     2 |     7 |     2 ||    11
       Ration            |       |     1 |     2 ||     3
Armor: Robe              |    23 |    14 |       ||    37
       Leather armour    |       |    56 |    38 ||    94
       Skin              |       |     2 |       ||     2
Dodge: Dodged            |    55 |   130 |    79 ||   264
